 Dungeon Crawl Stone Soup version 0.30.0-29-ga12c61a403 (webtiles) character file.

Game seed: 9119604619208794390

60 qw the Chopper (level 4, -2/28 HPs)
             Began as a Gargoyle Fighter on June 4, 2023.
             Slain by a gnoll
             ... wielding a +0 halberd
              (4 damage)
             ... on level 3 of the Dungeon.
             The game lasted 00:00:31 (1326 turns).

qw the Chopper (Gargoyle Fighter)                   Turns: 1326, Time: 00:00:31

Health: -2/28      AC: 15    Str: 21    XL:     4   Next: 6%
Magic:  4/4        EV:  5    Int:  9    God:
Gold:   120        SH:  4    Dex:  9    Spells: 3/3 levels left

rFire   . . .        Y - +0 war axe
rCold   . . .        c - +0 buckler
rNeg    + . .        m - +0 plate armour
rPois   inf          (no helmet)
rElec   +            (no cloak)
rCorr   .            (no gloves)
SInv    .            (no boots)
Will    .....        (no amulet) Stlth
                     (no ring)
HPRegen 0.24/turn    (no ring)
MPRegen 0.09/turn

%: no passive effects
@: no status effects
A: sickness immunity, AC +3, negative energy resistance 1, electricity
resistance, torment resistance 1, petrification resistance
a: no special abilities


You were on level 3 of the Dungeon.
You visited 1 branch of the dungeon, and saw 3 of its levels.

You collected 120 gold pieces.


Innate Abilities, Weirdness & Mutations

You are immune to sickness and miasma.
Your stone body is resilient. (AC +3)
You are immune to poison.
You resist negative energy. (rN+)
You are resistant to electric shocks. (rElec)
You are resistant to unholy torment.
You are immune to petrification.


   Skills:
 - Level 3.2 Fighting
 + Level 3.8 Axes
 - Level 3.2 Armour
 - Level 3.2 Shields


You had 3 spell levels left.
You didn't know any spells.
Your spell library was empty.

Inventory:

Hand Weapons
 a - a +0 club
 Y - a +0 war axe (weapon)
Missiles
 j - 5 silver boomerangs (quivered)
Armour
 c - a +0 buckler (worn)
 m - a +0 plate armour (worn)
Scrolls
 h - a scroll of identify
Potions
 d - a potion of might
 f - a potion of curing {unknown}
 l - a potion of brilliance {unknown}

Dungeon Overview and Level Annotations

Branches:
Dungeon (3/15)

Altars:


Message History

You now have 104 gold pieces (gained 9).
Found a stone staircase leading down.
Found 5 large rocks.
There is a stone staircase leading down here.
There is a stone staircase leading down here.
You now have 120 gold pieces (gained 16).
A gnoll comes into view. It is wielding a +0 spear.
The gnoll shouts!
The gnoll moves out of view.
A quokka and 2 gnolls come into view.
The gnoll shouts!
You hear an angry hiss.
An adder comes into view.
You hit the gnoll.
The gnoll is lightly wounded.
The gnoll hits you but does no damage.
You slash the gnoll!
You kill the gnoll!
You closely miss the adder.
The adder bites you but does no damage. x2; You block the quokka's attack.
You miss the adder. You slash the quokka!
You kill the quokka!
The adder barely misses you.
The gnoll hits you from afar with a +0 spear.
The adder bites you but does no damage. The gnoll hits you but does no damage.
The gnoll hits you from afar with a +0 halberd.
You slash the adder!
You kill the adder!
The gnoll hits you but does no damage.
The gnoll hits you from afar with a +0 spear.
You have reached level 4!
You feel clever.
The gnoll hits you from afar with a +0 halberd.
The gnoll hits you with a +0 spear.
You barely miss the gnoll.
The gnoll hits you from afar with a +0 halberd.
The gnoll hits you with a +0 spear.
You hit the gnoll but do no damage. You block the gnoll's attack.
The gnoll barely misses you. The gnoll hits you with a +0 spear.
The gnoll hits you from afar with a +0 halberd.
You die...

..... .#### # #####
###.... ##
.......################.
........................
........##############..
......)@.# #..
.....gg#.# #.. .......
.# #.. ......# .# #..
...... .# ##+ #....# .#
#.... .# ##..# .#


You could see 2 gnolls.

Vanquished Creatures
  A gnoll (D:3)
  2 adders
  A worm (D:3)
  A dart slug (D:1)
  A bat (D:2)
  4 endoplasms
  A giant cockroach (D:3)
  4 goblins (D:2)
  2 hobgoblins
  5 kobolds
  A quokka (D:3)
  2 frilled lizards
  2 rats
27 creatures vanquished.

Notes
Turn   | Place    | Note
-------+----------+-------------------------------------------
     0 | D:1      | qw the Gargoyle Fighter began the quest for the Orb.
     0 | D:1      | Reached XP level 1. HP: 14/14 MP: 1/1
     0 | D:1      | 0 ||| qw: Version: 0.2-a-107-g4668610
     0 | D:1      | 0 ||| qw: Game counter: 1227
     0 | D:1      | 0 ||| qw: Always use a shield: true
     0 | D:1      | 0 ||| qw: God list: Okawaru
     0 | D:1      | 0 ||| qw: Allow faded altars: false
     0 | D:1      | 0 ||| qw: Do Orc after D:15 true
     0 | D:1      | 0 ||| qw: Do second Lair branch before Depths: true
     0 | D:1      | 0 ||| qw: Lair rune preference: random
     0 | D:1      | 0 ||| qw: Plans: Normal, Zot:1-4, Slime:5, God:TSO, Crypt,
                  | Tomb, Abyss, Pan, Hells, Win
     0 | D:1      | 0 ||| PLANNING D:1-11
   153 | D:1      | Reached XP level 2. HP: 19/19 MP: 2/2
   431 | D:1      | 431 ||| DROPPING ring of magical power.
   432 | D:1      | 432 ||| READING scroll labelled HAF NAEB NUCW.
   433 | D:1      | 433 ||| READING scroll labelled QYLITETEWO.
   434 | D:1      | 434 ||| READING scroll labelled HUEHEL YRIMUAX.
   498 | D:2      | Reached skill level 3 in Axes
   527 | D:2      | Found a faded altar of an unknown god.
   534 | D:2      | 534 ||| Stepping ~*~*~tactically~*~*~ (stealth).
   536 | D:2      | Reached XP level 3. HP: 23/23 MP: 3/3
   619 | D:2      | 619 ||| Stepping ~*~*~tactically~*~*~ (stealth).
   620 | D:2      | 620 ||| Stepping ~*~*~tactically~*~*~ (stealth).
   633 | D:2      | 633 ||| Stepping ~*~*~tactically~*~*~ (stealth).
  1138 | D:2      | 1138 ||| UPGRADING to +0 plate armour.
  1148 | D:2      | 1148 ||| DROPPING +0 scale mail.
  1149 | D:2      | 1149 ||| DROPPING ring of wizardry.
  1150 | D:2      | 1150 ||| READING scroll labelled KAIXUECOUH.
  1151 | D:2      | 1151 ||| READING scroll labelled MEPOON PAIPPE.
  1155 | D:2      | 1155 ||| READING 2 scrolls of identify.
  1155 | D:2      | 1155 ||| IDENTIFYING fuming red potion
  1156 | D:2      | 1156 ||| DROPPING potion of ambrosia.
  1324 | D:3      | Reached XP level 4. HP: 17/28 MP: 4/4
  1325 | D:3      | HP: 7/28 [gnoll/+0 halberd (5)]
  1325 | D:3      | HP: 3/28 [gnoll/+0 spear (4)]
  1326 | D:3      | Slain by a gnoll

Levels and vault maps discovered:
D:1:      kennysheep_arrival_forest, layout_basic
D:2:      layout_basic, basic_ecumenical_altar, minmay_misc_feat_enclosed,
          hangedman_decor_lopped
D:3:      gammafunk_wand_slinger, layout_basic, serial_shops,
          nicolae_shop_statue_plus, minmay_misc_feat_x

Skill      XL: |  1  2 |
---------------+-------+-----
Axes           | 2 3 |  3.8
Fighting       | |  3.2
Armour         | |  3.2
Shields        | |  3.2

Action                     |  1- 3 |  4- 6 || total
---------------------------+-------+-------++-------
  Melee: War axe           |    51 |     2 ||    53
  Throw: Boomerang         |    24 |       ||    24
    Use: Scroll            |     6 |       ||     6
 Armour: Scale mail        |    28 |       ||    28
         Plate armour      |     8 |       ||     8
  Dodge: Dodged            |    18 |     1 ||    19
  Block: Buckler           |     5 |     1 ||     6

Table legend:
 A = Non-vault XP
 B = Vault XP
 C = Vault XP percentage of total XP
 D = Non-vault monster count
 E = Vault monster count
 F = Vault count percentage of total count
                 A         B        C        D         E       F
            +---------+---------+-------+---------+---------+-------
      Total |      87 |       0 |   0.0 |      27 |       0 |   0.0
            +---------+---------+-------+---------+---------+-------
        D:1 |      14 |       0 |   0.0 |       7 |       0 |   0.0
        D:2 |      37 |       0 |   0.0 |      15 |       0 |   0.0
        D:3 |      36 |       0 |   0.0 |       5 |       0 |   0.0
            +---------+---------+-------+---------+---------+-------
